AoeStats
← [GDL] Maldito Pantoja

MegaRandom

508994453Analyzed
4v4 RM · 7d ago on Sep 25, 2026· 53m 29s· 8 players
Game mode
Random Map
Map size
Large (8 player)
Population
200
Speed
Normal
Resources
Standard
Victory
Conquest
Starting age
Dark Age
Ending age
Imperial Age
RankedLock teamsTeams togetherTeam positionsShared explorationLock speedFull tech treeHidden civsTurbo modeCheats
Victory
Defeat
🇲🇽 Mongols · Mexico
1294
+13
🇨🇦 Italians · Canada
1281
+14
🇺🇸 Varangians · United States
1246
+15
🇨🇴 Saxons · Colombia
1237
+16
🇧🇷 Britons · Brazil
1294
-17
🇭🇰 Hindustanis · Hong Kong SAR China
1216
-14
🇲🇽 Mongols · Mexico
1213
-14
🇲🇽 Ethiopians · Mexico
1198
-13
yugiohcards7039
10:50 Feudal Age
12:24 Double-Bit Axe
16:23 Castle Age
14:41 Fishing Lines
15:10 Loom
22:16 Gillnets
22:31 Horse Collar
24:33 Wheelbarrow
25:27 Heavy Plow
25:54 Hand Cart
27:00 Bow Saw
27:34 Gold Mining
28:37 Stone Mining
32:04 Imperial Age
29:54 Scale Barding Armor
30:00 Forging
29:55 Vendel Legacy
31:29 Bloodlines
31:21 Husbandry
31:50 Chain Barding Armor
32:06 Iron Casting
32:11 Cavalier
33:14 Conscription
33:32 Plate Barding Armor
35:00 Blast Furnace
Vertical Vertigo
MEX_Angel_Tj
6:05 Loom
8:51 Feudal Age
9:43 Double-Bit Axe
11:49 Scale Barding Armor
13:34 Horse Collar
19:58 Castle Age
17:50 Gold Mining
19:39 Wheelbarrow
18:59 Stone Mining
32:52 Town Watch
34:26 Hand Cart
34:29 Fletching
35:31 Bodkin Arrow
35:41 Husbandry
35:51 Bloodlines
37:36 Ballistics
37:45 Padded Archer Armor
37:56 Heavy Plow
41:56 Imperial Age
40:08 Gold Shaft Mining
39:45 Bow Saw
40:06 Leather Archer Armor
40:43 Forging
41:59 Elite Mangudai
42:06 Capped Ram
43:11 Conscription
43:34 Stone Shaft Mining
43:55 Parthian Tactics
43:44 Bracer
43:42 Siege Ram
44:43 Drill
45:47 Chemistry
44:44 Murder Holes
45:36 Thumb Ring
45:27 Light Cavalry
47:42 Town Patrol
51:26 Chain Barding Armor
[Slowhand] Jose023
7:03 Loom
10:30 Feudal Age
15:09 Castle Age
13:25 Double-Bit Axe
13:54 Horse Collar
16:20 Bow Saw
24:21 Scale Mail Armor
26:43 Town Watch
27:16 Forging
27:01 Arson
28:43 Chain Mail Armor
31:04 Heavy Plow
32:47 Ballistics
32:20 Fletching
34:17 Wheelbarrow
41:06 Imperial Age
39:46 Pikeman
40:26 Squires
41:13 Shield Wall
42:34 Plate Mail Armor
43:23 Conscription
45:52 Bodkin Arrow
45:41 Elite Varangian Guard
53:09 Iron Casting
52:58 Gambesons
53:12 Gambesons
54:03 Hand Cart
[GDL] Maldito Pantoja
7:20 Loom
9:06 Feudal Age
15:20 Forging
16:07 Scale Barding Armor
16:52 Horse Collar
19:26 Gold Mining
19:23 Double-Bit Axe
22:56 Castle Age
21:29 Stone Mining
24:53 Fletching
25:04 Padded Archer Armor
27:34 Wheelbarrow
27:12 Bodkin Arrow
31:53 Heavy Plow
32:03 Bow Saw
32:32 Gold Shaft Mining
37:28 Imperial Age
35:41 Thumb Ring
36:41 Hand Cart
36:56 Bloodlines
37:28 Leather Archer Armor
37:43 Town Watch
38:20 Ballistics
39:07 Conscription
38:51 Bracer
42:02 Iron Casting
41:47 Chain Barding Armor
42:43 Chemistry
41:58 Husbandry
47:48 Elite Mangudai
harry_mas0n
8:36 Loom
10:40 Feudal Age
11:07 Loom
11:28 Double-Bit Axe
19:19 Castle Age
19:54 Fletching
20:18 Bow Saw
20:40 Crossbowman
24:23 Bodkin Arrow
29:04 Wheelbarrow
34:17 Padded Archer Armor
34:13 Horse Collar
35:13 Leather Archer Armor
36:09 Scale Mail Armor
imkl
8:30 Loom
10:15 Feudal Age
11:47 Double-Bit Axe
14:41 Horse Collar
18:20 Wheelbarrow
20:02 Castle Age
18:54 Forging
19:47 Scale Barding Armor
20:50 Gold Mining
22:21 Heavy Plow
22:33 Bow Saw
22:39 Bloodlines
25:09 Stone Mining
28:22 Iron Casting
32:20 Gold Shaft Mining
32:20 Stone Shaft Mining
35:30 Imperial Age
33:25 Hand Cart
35:10 Chain Barding Armor
34:41 Fletching
34:22 Light Cavalry
35:03 Husbandry
36:20 Bodkin Arrow
38:23 Two-Man Saw
36:48 Heavy Camel Rider
38:03 Conscription
40:06 Blast Furnace
39:41 Plate Barding Armor
44:38 Bracer
Kuroko
Connection lost

Rejoining the realm…

Still unreachable

The connection could not be restored.

Session expired

The server has moved on; the page needs a fresh start.